AoeStats
← AOKI_GworK

MegaRandom

503603500Analyzed
1v1 RM · 1mo ago on Sep 1, 2026· 18m 15s· 2 players
Game mode
Random Map
Map size
Tiny (2 player)
Population
200
Speed
Normal
Resources
Standard
Victory
Conquest
Starting age
Dark Age
Ending age
Imperial Age
RankedLock teamsTeams togetherTeam positionsShared explorationLock speedFull tech treeHidden civsTurbo modeCheats
Victory
Defeat
🇫🇷 Mongols · France
1814
+12
🇸🇪 Bulgarians · Sweden
1734
-12
TheSonder
6:16 Loom
9:06 Feudal Age
10:08 Loom
AOKI_GworK
6:16 Loom
8:51 Feudal Age
8:57 Man-at-Arms
9:51 Arson
13:54 Fletching
17:19 Double-Bit Axe
Connection lost

Rejoining the realm…

Still unreachable

The connection could not be restored.

Session expired

The server has moved on; the page needs a fresh start.